 Dungeon Crawl Stone Soup version 0.20.1-1-g8b1a95d (webtiles) character file.

5510 vineage the Carver (level 10, -5/91 HPs)
             Began as a Deep Dwarf Fighter on Sept 2, 2017.
             Slain by Urug
             ... wielding a +0 demon trident of electrocution
              (15 damage)
             ... on level 10 of the Dungeon.
             The game lasted 00:14:08 (5639 turns).

vineage the Carver (Deep Dwarf Fighter)             Turns: 5639, Time: 00:14:11

Health: -5/91      AC: 19    Str: 25    XL:     10   Next: 43%
Magic:  4/4        EV:  8    Int:  9    God:
Gold:   316        SH: 14    Dex: 13    Spells: 9/9 levels left

rFire    . . .     SeeInvis +   Q - +6 flail of Equivalence {drain, +Blink Stlth+}
rCold    . . .     Gourm    .   c - +0 shield
rNeg     . . .     Faith    .   F - +0 plate armour
rPois    +         Spirit   .   (helmet restricted)
rElec    .         Reflect  +   w - +1 cloak {rPois}
rCorr    .         Harm     .   B - +0 pair of gloves
MR       +....                  (no boots)
Stlth    ..........             E - +2 amulet of reflection
Regen    0.0/turn               i - +5 ring of strength
MPRegen  0.1/turn               y - ring of see invisible

@: non-regenerating
A: damage resistance, heal wounds, horns 1, talons 1, sense surroundings 2,
shaggy fur 2, weak 1, no regeneration
a: Heal Wounds, Evoke Blink


You were on level 10 of the Dungeon.
You were not hungry.

You visited 1 branch of the dungeon, and saw 10 of its levels.

You collected 492 gold pieces.
You spent 176 gold pieces at shops.

Inventory:

Hand Weapons
 a - a +1 long sword
 Q - the +6 flail of Equivalence (weapon) {drain, +Blink Stlth+}
   (You found it on level 9 of the Dungeon)

   A truly terrible weapon, it drains the life of those it strikes.
   It lets you blink.
   It makes you more stealthy.
Armour
 b - a +0 scale mail
 c - a +0 shield (worn)
 w - a +1 cloak of poison resistance (worn)
 B - a +0 pair of gloves (worn)
 F - a +0 plate armour (worn)
Jewellery
 i - a +5 ring of strength (left hand)
 y - a ring of see invisible (right hand)
 z - an uncursed ring of flight
 C - an uncursed ring of resist corrosion
 E - a +2 amulet of reflection (around neck)
 H - an uncursed amulet of magic regeneration {unknown}
Wands
 e - a wand of paralysis (15/24)
 s - a wand of acid (8/15)
 x - a wand of lightning (6/15)
 S - a wand of flame (37/48)
Scrolls
 h - 2 scrolls of enchant weapon
 m - a scroll of magic mapping
 o - 5 scrolls of teleportation
 r - 4 scrolls of remove curse
 v - 4 scrolls of fog
 A - 2 scrolls of amnesia {unknown}
 D - 2 scrolls of holy word {unknown}
 I - a scroll of vulnerability {unknown}
 L - 2 scrolls of recharging
 O - a scroll of random uselessness {unknown}
 P - a scroll of identify
Potions
 d - a potion of might
 g - 3 potions of curing
 n - a potion of brilliance
 p - 2 potions of degeneration
 q - 2 potions of invisibility
 u - 3 potions of berserk rage
 J - a potion of haste
 N - a potion of ambrosia
Books
 G - a book of Necromancy

   Spells                             Type                      Level
   a - Pain                           Necromancy                   1
   b - Animate Skeleton               Necromancy                   1
   c - Vampiric Draining              Necromancy                   3
   d - Regeneration                   Charms/Necromancy            3
   e - Animate Dead                   Necromancy                   4
   f - Control Undead                 Necromancy                   4
 K - a book of Minor Magic

   Spells                             Type                      Level
   a - Magic Dart                     Conjuration                  1
   b - Blink                          Translocation                2
   c - Call Imp                       Summoning                    2
   d - Slow                           Hexes                        2
   e - Conjure Flame                  Conjuration/Fire             3
   f - Mephitic Cloud                 Conjuration/Poison/Air       3
 M - a book of Cantrips

   Spells                             Type                      Level
   a - Confusing Touch                Hexes                        1
   b - Animate Skeleton               Necromancy                   1
   c - Summon Small Mammal            Summoning                    1
   d - Apportation                    Translocation                1
Comestibles
 f - 7 bread rations
 j - 4 meat rations
 l - 12 fruits
 t - 8 royal jellies


   Skills:
 + Level 6.0 Fighting
 + Level 9.7 Long Blades
 + Level 0.8 Maces & Flails
 + Level 7.9 Armour
 + Level 4.3 Dodging
 + Level 1.1 Stealth
 + Level 8.9 Shields


You had 9 spell levels left.
You didn't know any spells.

Dungeon Overview and Level Annotations

Branches:
Dungeon (10/15)
 Temple: D:4-7         Lair: D:8-11         Orc: D:9-12

Altars:
Fedhas
Kikubaaqudgha
Ru

Shops:
D:6 !

Annotations:
D:10 Urug


Innate Abilities, Weirdness & Mutations

You are resistant to damage.
You can heal yourself by infusing magical energy.
You passively map the area around you.
You do not regenerate.
You have a pair of small horns on your head.
You have sharp toenails.
You are covered in thick fur. (AC +2)
You are weak. (Str -2)


Message History

Urug hits you with a demon trident of electrocution.
You thump Urug! You drain Urug!
Urug is severely wounded.
You block Urug's attack.
You hit Urug. Your kick misses Urug.
Urug is severely wounded.
You block Urug's attack. Urug hits you but does no damage.
You are electrocuted!
* * * LOW HITPOINT WARNING * * *
You completely miss Urug. You claw Urug, but do no damage.
Your headbutt misses Urug.
Urug is severely wounded.
Urug hits you but does no damage.
You closely miss Urug. You claw Urug, but do no damage.
Your headbutt misses Urug.
Urug is severely wounded.
Urug hits you with a demon trident of electrocution!
* * * LOW HITPOINT WARNING * * *
You are electrocuted!
You die...

, , ........#...............
, ,........'...............
........#............... ,
.......(#...............
,,,,.......(#...............
, ,,.......(################
****####..........., ,#....
#........... #.(..
#..o@....... #....
#........... , #....
#........... #....
#........... #....
#.........!# **#####
##########.# , .# ,*, , , ,
, ,


You could see Urug.

Vanquished Creatures
  A two-headed ogre (D:10)
  The ghost of vineage the Shield-Bearer, a novice GrFi (D:4)
  2 trolls
  2 dream sheep (D:8)
  A hippogriff (D:7)
  Sigmund (D:3)
  6 yaks
  A hungry ghost (D:9)
  A water moccasin (D:7)
  A sky beast (D:3)
  An orc warrior (D:6)
  An ice beast (D:8)
  5 ogres
  A phantom (D:7)
  4 big kobolds
  3 bullfrogs (D:7)
  2 scorpions (D:9)
  5 killer bees (D:9)
  4 crimson imps
  A jelly (D:10)
  2 bullfrog zombies
  4 hounds
  4 orc wizards
  Crazy Yiuf (D:2)
  A centaur skeleton (D:8)
  Ijyb (D:3)
  A worker ant (D:7)
  A killer bee zombie (D:6)
  2 hound skeletons
  A hound zombie (D:5)
  A howler monkey zombie (D:9)
  6 gnolls
  5 adders
  2 oozes (D:3)
  A worm (D:2)
  3 adder skeletons
  A dart slug (D:3)
  3 leopard geckos
  9 orcs
  2 ball pythons
  9 bats
  5 giant cockroaches
  9 goblins
  7 hobgoblins
  14 jackals
  3 quokkas
  3 frilled lizards
  12 kobolds
  A leopard gecko zombie (D:6)
  4 rats
162 creatures vanquished.

Vanquished Creatures (others)
  A centaur (D:9)
  3 plants (D:9)
4 creatures vanquished.

Grand Total: 166 creatures vanquished

Notes
Turn   | Place    | Note
-------+----------+-------------------------------------------
     0 | D:1      | vineage the Deep Dwarf Fighter began the quest for the Orb.
     0 | D:1      | Reached XP level 1. HP: 20/20 MP: 1/1
    93 | D:1      | Reached XP level 2. HP: 27/27 MP: 2/2
   552 | D:1      | Reached XP level 3. HP: 25/34 MP: 3/3
   733 | D:2      | Found a sacrificial altar of Ru.
   820 | D:2      | Reached XP level 4. HP: 38/42 MP: 4/4
   863 | D:2      | Reached skill level 3 in Long Blades
   912 | D:2      | Found a runed door.
  1211 | D:2      | Noticed Crazy Yiuf
  1217 | D:2      | Killed Crazy Yiuf
  1449 | D:3      | Reached XP level 5. HP: 49/49 MP: 5/5
  1522 | D:3      | Reached skill level 1 in Dodging
  1556 | D:3      | Noticed Ijyb
  1565 | D:3      | Killed Ijyb
  1565 | D:3      | Reached skill level 4 in Long Blades
  1917 | D:3      | Noticed Sigmund
  1929 | D:3      | Killed Sigmund
  1929 | D:3      | Reached XP level 6. HP: 39/57 MP: 6/6
  2127 | D:4      | Noticed a sky beast
  2127 | D:4      | Noticed vineage's ghost (novice GrFi)
  2160 | D:3      | Killed a sky beast
  2160 | D:3      | Reached skill level 5 in Long Blades
  2212 | D:4      | Killed vineage's ghost
  2212 | D:4      | Reached XP level 7. HP: 23/64 MP: 5/5
  2385 | D:4      | Reached skill level 6 in Long Blades
  2485 | D:4      | Gained mutation: You have an increased reservoir of magic. (+10% MP) [potion of mutation]
  2485 | D:4      | Gained mutation: Armour fits poorly on your strangely shaped body. [potion of mutation]
  2485 | D:4      | Gained mutation: You are weak. (Str -2) [potion of mutation]
  2485 | D:4      | Gained mutation: You possess an exceptional clarity of mind. [potion of mutation]
  2493 | D:5      | Entered Level 5 of the Dungeon
  2535 | D:5      | Reached skill level 5 in Shields
  2613 | D:5      | Found an ancient bone altar of Kikubaaqudgha.
  2660 | D:5      | Found a blossoming altar of Fedhas.
  2870 | D:5      | Reached skill level 5 in Armour
  2870 | D:5      | Reached XP level 8. HP: 19/73 MP: 4/4
  3227 | D:6      | Found Qouloyclipewk's Distillery.
  3238 | D:6      | Bought 2 potions of mutation for 176 gold pieces
  3238 | D:6      | Lost mutation: Armour fits poorly on your strangely shaped body. [potion of mutation]
  3238 | D:6      | Lost mutation: You possess an exceptional clarity of mind. [potion of mutation]
  3238 | D:6      | Lost mutation: You are weak. (Str -2) [potion of mutation]
  3238 | D:6      | Gained mutation: Your body sometimes deteriorates upon taking damage. [potion of mutation]
  3238 | D:6      | Gained mutation: You are frail. (-10% HP) [potion of mutation]
  3238 | D:6      | Gained mutation: You are dopey. (Int -2) [potion of mutation]
  3238 | D:6      | Gained mutation: You are covered in fur. (AC +1) [potion of mutation]
  3239 | D:6      | Lost mutation: You are dopey. (Int -2) [potion of mutation]
  3239 | D:6      | Lost mutation: Your body sometimes deteriorates upon taking damage. [potion of mutation]
  3239 | D:6      | Lost mutation: You have an increased reservoir of magic. (+10% MP) [potion of mutation]
  3239 | D:6      | Lost mutation: You are frail. (-10% HP) [potion of mutation]
  3239 | D:6      | Gained mutation: You are resistant to electric shocks. (rElec) [potion of mutation]
  3239 | D:6      | Gained mutation: You tend to lose your temper in combat. [potion of mutation]
  3239 | D:6      | Gained mutation: You have sharp toenails. [potion of mutation]
  3639 | D:7      | Noticed a hippogriff
  3649 | D:7      | Killed a hippogriff
  3649 | D:7      | Reached skill level 7 in Long Blades
  3764 | D:7      | Reached skill level 1 in Stealth
  3772 | D:7      | Gained mutation: You passively map the area around you. [Deep Dwarf growth]
  3772 | D:7      | Reached XP level 9. HP: 80/80 MP: 4/4
  4132 | D:8      | Reached skill level 5 in Fighting
  4253 | D:8      | Reached skill level 8 in Long Blades
  4320 | D:8      | Noticed a three-headed hydra
  4321 | D:8      | You fall through a shaft!
  4606 | D:8      | Lost mutation: You tend to lose your temper in combat. [potion of mutation]
  4606 | D:8      | Lost mutation: You are resistant to electric shocks. (rElec) [potion of mutation]
  4606 | D:8      | Gained mutation: You are weak. (Str -2) [potion of mutation]
  4606 | D:8      | Gained mutation: You have a pair of small horns on your head. [potion of mutation]
  4606 | D:8      | Gained mutation: You are covered in thick fur. (AC +2) [potion of mutation]
  4727 | D:9      | Noticed a troll
  4737 | D:9      | Killed a troll
  4737 | D:9      | Reached skill level 9 in Long Blades
  4976 | D:9      | Reached XP level 10. HP: 69/88 MP: 4/4
  5244 | D:9      | Got a translucent flail
  5245 | D:9      | Identified the +6 flail of Equivalence {drain, +Blink Stlth+} (You found it on level 9 of the Dungeon)
  5287 | D:10     | Entered Level 10 of the Dungeon
  5343 | D:10     | Noticed a two-headed ogre
  5353 | D:10     | Killed a two-headed ogre
  5600 | D:10     | Found Cahim's General Store.
  5628 | D:10     | Noticed Urug
  5639 | D:10     | Slain by Urug

Skill      XL: |  1  2  3  4  5  6  7  8  9 10 |
---------------+-------------------------------+-----
Fighting       | 3 4 5 6 |  6.0
Long Blades    | 3 4 5 6 7 9 |  9.7
Armour         | 4 5 6 7 |  7.9
Shields        | 4 5 6 8 |  8.9
Dodging        | 1 2 3 4 |  4.3
Stealth        | 1 |  1.1
Maces & Flails | |  0.8

Action                   |  1- 3 |  4- 6 |  7- 9 | 10-12 || total
-------------------------+-------+-------+-------+-------++-------
Melee: Long sword        |   110 |   199 |   282 |    47 ||   638
       Kick              |       |       |    84 |    30 ||   114
       Headbutt          |       |       |     8 |    17 ||    25
       Flail             |       |       |       |    26 ||    26
 Abil: Heal Wounds       |     1 |     5 |    13 |     1 ||    20
  Use: Scroll            |       |       |    17 |       ||    17
       Potion            |       |       |     5 |     1 ||     6
 Stab: Paralysed         |     1 |       |       |       ||     1
  Eat: Chunk             |       |     5 |     8 |     3 ||    16
       Fruit             |       |       |     4 |       ||     4
       Royal jelly       |       |       |     1 |       ||     1
Armor: Scale mail        |    69 |    79 |    55 |       ||   203
       Plate armour      |       |       |    74 |    58 ||   132
Dodge: Dodged            |    50 |    71 |    77 |    27 ||   225
Block: Shield            |    87 |    99 |   191 |    81 ||   458
       Reflection        |       |       |    10 |     1 ||    11
       Rpst.: Long sword |    12 |    19 |    28 |     5 ||    64
